 Dungeon Crawl Stone Soup version 0.26.0-10-g1f06aea511 (webtiles) character file.

Game seed: 9782297313935752270

2427 Dracia the Spear-Bearer (level 9, -6/61 HPs)
             Began as a Demonspawn Gladiator on Jan 23, 2021.
             Was a Believer of Makhleb.
             Mangled by an orc warrior
             ... wielding the +11 flail of Indomitability {holy, Int+6}
              (24 damage)
             ... on level 7 of the Dungeon.
             The game lasted 00:11:43 (5750 turns).

Dracia the Spear-Bearer (Demonspawn Gladiator)      Turns: 5750, Time: 00:11:44

Health: -6/61      AC: 19    Str: 18    XL:     9   Next: 24%
Magic:  12/12      EV:  8    Int: 10    God:    Makhleb [**....]
Gold:   250        SH:  0    Dex: 14    Spells: 8/8 levels left

rFire    . . .     SeeInvis .   a - +1 trident
rCold    . . .     Faith    .   (no shield)
rNeg     . . .     Spirit   .   B - +0 chain mail
rPois    .         Reflect  .   c - +0 helmet
rElec    .         Harm     .   n - +2 cloak
rCorr    .         Rampage  .   o - +1 pair of gloves
Will     .....                  x - +2 pair of boots
Stlth    ..........             g - amulet of regeneration
HPRegen  1.60/turn              Q - ring of stealth
MPRegen  0.13/turn              (no ring)

@: marked
A: hooves 2, thin metallic scales 1, powered by death 3
a: Renounce Religion, Minor Destruction


You were on level 7 of the Dungeon.
You worshipped Makhleb.
Makhleb was pleased with you.
You visited 2 branches of the dungeon, and saw 8 of its levels.

You collected 250 gold pieces.


Innate Abilities, Weirdness & Mutations

You have hoof-like feet.
You are partially covered in thin metallic scales. (AC +2)
You regenerate a lot of health from kills.


   Skills:
 - Level 2.0 Fighting
 * Level 11.1 Polearms
 - Level 1.7 Throwing
 - Level 2.6 Dodging
 + Level 4.6 Invocations


You had 8 spell levels left.
You didn't know any spells.
Your spell library was empty.

Inventory:

Hand Weapons
 a - a +1 trident (weapon)
Missiles
 d - 3 throwing nets (quivered) {=f=f}
 p - 32 poisoned darts
 s - 8 javelins
Armour
 b - a +0 leather armour
 c - a +0 helmet (worn)
 m - a +0 ring mail
 n - a +2 cloak (worn)
 o - a +1 pair of gloves (worn)
 x - a +2 pair of boots (worn)
 y - a +0 scale mail
 B - a +0 chain mail (worn)
Jewellery
 g - an amulet of regeneration (around neck)
 t - a cursed ring of teleportation
 Q - a ring of stealth (left hand)
Wands
 u - a wand of digging (6)
 E - a wand of polymorph (5)
 I - a wand of enslavement (11)
Scrolls
 h - 3 scrolls of magic mapping
 j - 2 scrolls of fog
 r - 2 scrolls of remove curse {@r2@r2}
 w - 5 scrolls of teleportation {@r4@r4}
 A - a scroll of identify {@r1@r1}
 F - a scroll of enchant armour
Potions
 e - a potion of lignification
 f - a potion of curing {@q1@q1}
 i - 3 potions of attraction
 k - 2 potions of magic
 l - 2 potions of heal wounds {@q2@q2}
 q - 2 potions of flight
 v - a potion of brilliance
 z - a potion of degeneration
 C - 2 potions of mutation
 D - a potion of invisibility
 G - a potion of might {unknown}
 H - a potion of haste {unknown}

Dungeon Overview and Level Annotations

Branches:
Dungeon (7/15)             Temple (1/1) D:4

Altars:
Ashenzari
Dithmenos
Elyvilon
Gozag
Hepliaklqana
Kikubaaqudgha
Makhleb
Okawaru
Qazlal
Ru
Sif Muna
Trog
Uskayaw
Wu Jian
Xom
Yredelemnul
Zin ..### .... ##...# ###.... ...$. .oZ

#o# #@# #.# ##.#
#†.# ##.##
#####..# ...
#.....#### ...
#...#....# .#
###.#.##.########
##.#


You could see an orc warrior, an orc and a centaur zombie.


Message History

The orc warrior is lightly wounded.
The orc warrior closely misses you.
You hit the orc warrior but do no damage.
The orc warrior is lightly wounded.
Your chain mail prevents you from hitting the orc warrior.
The orc warrior is lightly wounded.
The orc warrior hits you with the +11 flail of Indomitability {holy, Int+6}.
You convulse.
You closely miss the orc warrior.
The orc warrior is lightly wounded.
You puncture the orc warrior!
The orc warrior is moderately wounded.
The orc warrior hits you with the +11 flail of Indomitability {holy, Int+6}.
You convulse.
Unknown command.
You closely miss the orc warrior.
The orc warrior is moderately wounded.
The orc warrior hits you but does no damage.
You hit the orc warrior but do no damage.
The orc warrior is moderately wounded.
You hit the orc warrior.
The orc warrior is moderately wounded.
The orc warrior hits you with the +11 flail of Indomitability {holy, Int+6}!
You convulse!
You puncture the orc warrior!
The orc warrior is severely wounded.
The orc warrior hits you with the +11 flail of Indomitability {holy, Int+6}!!
* * * LOW HITPOINT WARNING * * *
You convulse!!
You die...

Skill      XL: |  1  2  3  4  5  6  7  8  9 |
---------------+----------------------------+-----
Polearms       | 3 4 5 6 7 9 10 11 | 11.1
Invocations    | 3 4 |  4.6
Fighting       | |  2.0
Throwing       | |  1.7
Dodging        | |  2.6

Action                   |  1- 3 |  4- 6 |  7- 9 || total
-------------------------+-------+-------+-------++-------
Melee: Trident           |   148 |   139 |   431 ||   718
       Kick              |    22 |    28 |     7 ||    57
Evoke: Wand              |       |       |     1 ||     1
  Use: Scroll            |     8 |     4 |    12 ||    24
 Stab: Sleeping          |     2 |       |       ||     2
Armor: Leather armour    |    23 |       |       ||    23
       Ring mail         |    10 |    50 |       ||    60
       Scale mail        |       |    10 |   126 ||   136
       Chain mail        |       |       |   249 ||   249
Dodge: Dodged            |    59 |    69 |   208 ||   336

Levels and vault maps discovered:
D:1:      zelgadis_glass_arrival_small, layout_basic
D:2:      layout_loops_ring, minivault_24
D:3:      layout_basic, minmay_misc_feat_tiny, saegor_snake_ambush
D:4:      layout_loops_ring, minmay_temple_entry_gardened_gates,
          grunt_gozag_breadcrumbs, uniq_edmund, uniq_menkaure
D:5:      layout_rooms, basic_altar
D:6:      layout_gridville, okawaru_trees_2
D:7:      layout_rooms, grunt_tough_drop
Temple:   grunt_wide_crystal_templ

Notes
Turn   | Place    | Note
-------+----------+-------------------------------------------
     0 | D:1      | Dracia the Demonspawn Gladiator began the quest for the
                  | Orb.
     0 | D:1      | Reached XP level 1. HP: 16/16 MP: 1/1
   412 | D:1      | Reached skill level 3 in Polearms
   607 | D:1      | Gained mutation: You have large cloven feet. [demonic
                  | ancestry]
   607 | D:1      | Reached XP level 2. HP: 22/22 MP: 2/2
   994 | D:1      | Gained mutation: You regenerate a little health from kills.
                  | [demonic ancestry]
   994 | D:1      | Reached XP level 3. HP: 27/27 MP: 3/3
  1088 | D:2      | Reached skill level 4 in Polearms
  2076 | D:3      | Reached XP level 4. HP: 33/33 MP: 4/4
  2226 | D:3      | Reached skill level 5 in Polearms
  2785 | D:3      | Gained mutation: You have hoof-like feet. [demonic
                  | ancestry]
  2785 | D:3      | Reached XP level 5. HP: 36/38 MP: 5/5
  3058 | D:4      | Noticed Menkaure
  3069 | D:4      | Killed Menkaure
  3070 | D:4      | Reached skill level 6 in Polearms
  3070 | D:4      | Gained mutation: You regenerate health from kills. [demonic
                  | ancestry]
  3070 | D:4      | Reached XP level 6. HP: 44/44 MP: 6/6
  3080 | D:4      | Found an opulent altar of Gozag.
  3255 | D:4      | Found a staircase to the Ecumenical Temple.
  3279 | Temple   | Entered the Ecumenical Temple
  3303 | Temple   | Became a worshipper of Makhleb the Destroyer
  3465 | D:4      | Noticed Edmund
  3489 | D:4      | Killed Edmund
  3490 | D:4      | Reached skill level 7 in Polearms
  3490 | D:4      | Reached XP level 7. HP: 40/50 MP: 7/7
  3996 | D:5      | Entered Level 5 of the Dungeon
  4010 | D:5      | Reached skill level 8 in Polearms
  4065 | D:5      | Found a burning altar of Makhleb.
  4136 | D:5      | Reached * piety under Makhleb
  4498 | D:6      | Found an iron altar of Okawaru.
  4530 | D:6      | Reached skill level 9 in Polearms
  4530 | D:6      | Gained mutation: You regenerate a lot of health from kills.
                  | [demonic ancestry]
  4530 | D:6      | Reached XP level 8. HP: 24/56 MP: 8/8
  4831 | D:6      | Reached skill level 10 in Polearms
  4977 | D:6      | Reached skill level 1 in Invocations
  4998 | D:5      | Reached skill level 2 in Invocations
  5038 | D:6      | Reached skill level 3 in Invocations
  5071 | D:6      | Gained mutation: You are partially covered in thin metallic
                  | scales. (AC +2) [demonic ancestry]
  5071 | D:6      | Reached XP level 9. HP: 49/61 MP: 11/11
  5527 | D:7      | Reached skill level 4 in Invocations
  5586 | D:7      | Reached skill level 11 in Polearms
  5676 | D:7      | Reached ** piety under Makhleb
  5735 | D:7      | Identified the +11 flail of Indomitability {holy, Int+6}
  5750 | D:7      | Mangled by an orc warrior

Vanquished Creatures
  Menkaure (D:4)
  Edmund (D:4)
  An orc warrior (D:6)
  An ice beast (D:6)
  A phantom (D:6)
  An ogre (D:7)
  4 centaurs
  3 bullfrogs
  A scorpion (D:4)
  2 howler monkeys
  5 wights
  2 bullfrog zombies
  A centaur zombie (D:5)
  4 orc priests
  2 jellies
  2 hounds
  4 iguanas
  6 orc wizards
  6 worker ants
  A hound zombie (D:6)
  A hound skeleton (D:6)
  A worker ant zombie (D:6)
  4 gnolls
  5 adders
  A shadow imp (D:5)
  An ufetubus (D:4)
  5 worms
  2 dart slugs
  3 leopard geckos
  16 orcs
  5 bats
  6 giant cockroaches
  8 hobgoblins
  5 jackals
  3 quokkas
  6 ball pythons
  5 frilled lizards
  12 goblins
  A jackal skeleton (D:7)
  5 kobolds
  A leopard gecko skeleton (D:3)
  A leopard gecko zombie (D:6)
  10 rats
156 creatures vanquished.

Vanquished Creatures (others)
  2 plants
2 creatures vanquished.

Grand Total: 158 creatures vanquished

Table legend: (Time is in decaauts)
 A = Elapsed time spent in this place.
 B = Non-inter-level travel time spent in this place.
 C = Inter-level travel time spent in this place.
 D = Time resting spent in this place.
 E = Time spent auto-exploring this place.
 F = Levels seen in this place.
 G = Mean time per level.
                   A        B        C        D        E       F      G
               +--------+--------+--------+--------+--------+-----+--------+
         Total |   5720 |   5424 |    296 |    431 |   3843 |   8 |  715.0 |
       Dungeon |   5682 |   5399 |    283 |    431 |   3825 |   7 |  811.7 |
        Temple |     37 |     24 |     13 |      0 |     18 |   1 |   37.0 |
               +--------+--------+--------+--------+--------+-----+--------+

Top non-repeatable levels by time:
     D:2: 1113 daAuts
     D:1: 1069 daAuts
     D:3: 978 daAuts
     D:6: 906 daAuts
     D:4: 840 daAuts
     D:5: 549 daAuts
     D:7: 225 daAuts
  Temple: 37 daAuts

Table legend:
 A = Non-vault XP
 B = Vault XP
 C = Vault XP percentage of total XP
 D = Non-vault monster count
 E = Vault monster count
 F = Vault count percentage of total count
                 A         B        C        D         E       F
            +---------+---------+-------+---------+---------+-------
      Total |    3107 |     361 |  10.4 |     149 |       7 |   4.5
            +---------+---------+-------+---------+---------+-------
        D:1 |      43 |       0 |   0.0 |      26 |       0 |   0.0
        D:2 |      80 |       0 |   0.0 |      23 |       0 |   0.0
        D:3 |      72 |      20 |  21.7 |      20 |       5 |  20.0
        D:4 |     336 |     341 |  50.4 |      13 |       2 |  13.3
        D:5 |     533 |       0 |   0.0 |      20 |       0 |   0.0
        D:6 |    1650 |       0 |   0.0 |      39 |       0 |   0.0
        D:7 |     393 |       0 |   0.0 |       8 |       0 |   0.0
            +---------+---------+-------+---------+---------+-------
